 Dungeon Crawl Stone Soup version 0.21.1-1-g345015f (webtiles) character file.

446 inc the Vexing (level 6, -1/24 HPs)
             Began as a Felid Enchanter on June 16, 2018.
             Slain by Menkaure (16 damage)
             ... on level 4 of the Dungeon.
             The game lasted 00:10:11 (5992 turns).

inc the Vexing (Felid Enchanter)                    Turns: 5992, Time: 00:10:11

Health: -1/24      AC:  2    Str:  4    XL:     6   Next: 73%
Magic:  1/10       EV: 18    Int: 18    God:
Gold:   134        SH:  0    Dex: 17    Spells: 3/9 levels left
                                        Lives:  0   Deaths: 1

rFire    . . .     SeeInvis +     - Unarmed
rCold    . . .     Gourm    .   (shield unavailable)
rNeg     + . .     Faith    .   (armour unavailable)
rPois    .         Spirit   .   (helmet unavailable)
rElec    .         Reflect  .   (cloak unavailable)
rCorr    .         Harm     .   (gloves unavailable)
MR       .....                  (boots unavailable)
Stlth    ++++......             (no amulet)
HPRegen  0.08/turn              q - ring of positive energy
MPRegen  0.12/turn              (no ring)

@: very slightly contaminated, quick
A: very small, no armour, no weapons or thrown items, stealth, claws 1, fangs 3,
see invisible, carnivore, speed 1, shaggy fur 2, slow metabolism 1, sharp paws
a: no special abilities


You were on level 4 of the Dungeon.
You were not hungry.

You visited 1 branch of the dungeon, and saw 5 of its levels.

You collected 134 gold pieces.

Inventory:

Jewellery
 q - a ring of positive energy (left paw)
Scrolls
 c - 3 scrolls of remove curse {unknown}
 d - 2 scrolls of amnesia {unknown}
 e - 2 scrolls of identify
 f - a scroll of teleportation {unknown}
 g - a scroll of noise {unknown}
 i - a scroll of immolation {unknown}
 j - a scroll of enchant weapon {unknown}
 m - a scroll of fog {unknown}
 o - a scroll of fear {unknown}
 p - a scroll of random uselessness {unknown}
Potions
 h - a potion of haste
 k - 2 potions of invisibility
 l - a potion of berserk rage
 n - a potion of heal wounds
 r - a potion of lignification {unknown}
Books
 a - a book of Maledictions

   Spells                             Type                      Level
   a - Corona                         Hexes                        1
   b - Ensorcelled Hibernation        Hexes/Ice                    2
   c - Confuse                        Hexes                        3
   d - Tukima's Dance                 Hexes                        3
   e - Dazzling Spray                 Conjuration/Hexes            3
Comestibles
 b - 9 rations


   Skills:
 - Level 2.6 Dodging
 + Level 6.6 Stealth
 + Level 4.2 Unarmed Combat
 - Level 2.0 Spellcasting
 - Level 6.7 Hexes
 - Level 3.5 Ice Magic


You had 3 spell levels left.
You knew the following spells:

 Your Spells              Type           Power        Failure   Level  Hunger
a - Corona                Hex            ####...      1%          1    #......
b - Ensorcelled Hibernat  Hex/Ice        ###...       3%          2    ###....
c - Confuse               Hex            ####....     3%          3    ###....


Dungeon Overview and Level Annotations

Branches:
Dungeon (5/15)
 Temple: D:4-7

Altars:
Yredelemnul

Annotations:
D:4 Grinder, Menkaure


Innate Abilities, Weirdness & Mutations

You cannot wear armour.
You are incapable of wielding weapons or throwing items.
Your paws allow you to move quietly. (Stealth)
You have sharp claws.
You have razor-sharp teeth.
You have supernaturally acute eyesight. (SInv)
You are carnivorous and can eat meat at any time.
You cover ground quickly.
You are covered in thick fur. (AC +2)
You have a slow metabolism.
Your sharp claws are effective at attacking unaware monsters.


Message History

Casting: Confuse
Confirm with . or Enter, or press ? or * to list all spells.
Aiming: Confuse
Press: ? - help, Shift-Dir - straight line, f/p - Menkaure
Aim: Menkaure (chance to defeat MR: 55%) Menkaure resists with significant effort.
Menkaure calls on the powers of darkness!
Your body is wracked with pain!
Casting: Confuse
Confirm with . or Enter, or press ? or * to list all spells.
Aiming: Confuse
Press: ? - help, Shift-Dir - straight line, f/p - Menkaure
Aim: Menkaure (chance to defeat MR: 55%) Menkaure appears confused.
You pounce on the helpless Menkaure from behind!
You claw Menkaure!
Menkaure is heavily damaged.
Menkaure hits you!
Ouch! That really hurt!
You die...

..... #.#
##... #.#
##.##
#######.#
..#
#.......#
#.#######
#.# #.#
#.# #@#
#M# #.#
#.# #.#
#.# #.#
#.#


You could see Menkaure (confused).

Vanquished Creatures
  Eustachio (D:4)
  A water moccasin skeleton (D:4)
  4 orc priests
  A centaur skeleton (D:4)
  A hound (D:4)
  2 orc wizards
  2 worker ants (D:3)
  A hound skeleton (D:4)
  Robin (D:4)
  7 adders
  An adder skeleton (D:4)
  3 dart slugs
  A leopard gecko (D:3)
  9 orcs
  A giant cockroach (D:2)
  8 goblins
  11 hobgoblins
  4 jackals
  4 quokkas
  2 ball pythons
  3 bats
  4 frilled lizards
  A jackal skeleton (D:3)
  7 kobolds
  4 rats
84 creatures vanquished.

Notes
Turn   | Place    | Note
-------+----------+-------------------------------------------
     0 | D:1      | inc the Felid Enchanter began the quest for the Orb.
     0 | D:1      | Reached XP level 1. HP: 7/7 MP: 4/4
   465 | D:2      | Reached XP level 2. HP: 2/11 MP: 4/6
   469 | D:2      | Learned a level 2 spell: Ensorcelled Hibernation
   945 | D:1      | Reached skill level 1 in Ice Magic
  1103 | D:2      | Reached XP level 3. HP: 14/14 MP: 2/7
  1247 | D:2      | Found a basalt altar of Yredelemnul.
  1937 | D:3      | Learned a level 3 spell: Confuse
  1960 | D:3      | Reached XP level 4. HP: 18/18 MP: 6/8
  2806 | D:3      | Reached skill level 5 in Hexes
  2806 | D:3      | Reached XP level 5. HP: 12/21 MP: 6/9
  3699 | D:4      | Noticed Grinder
  4052 | D:3      | Gained mutation: You are covered in thick fur. (AC +2) [Felid growth]
  4052 | D:3      | Reached XP level 6. HP: 23/24 MP: 7/10
  4340 | D:4      | HP: 1/24 [iguana (8)]
  4865 | D:4      | Noticed Robin
  4871 | D:4      | Reached skill level 5 in Stealth
  4877 | D:4      | Killed Robin
  4987 | D:4      | Noticed Eustachio
  4994 | D:5      | Entered Level 5 of the Dungeon
  5116 | D:4      | Noticed Menkaure
  5124 | D:4      | Mangled by Menkaure
  5125 | D:4      | Reached XP level 5. HP: -7/21 MP: 4/9
  5496 | D:4      | Killed Eustachio
  5496 | D:4      | Reached XP level 6. HP: 22/24 MP: 1/10
  5992 | D:4      | Slain by Menkaure

Skill      XL: |  1  2  3  4  5  6 |
---------------+-------------------+-----
Unarmed Combat | 2 4 |  4.2
Ice Magic      | 1 2 3 |  3.5
Hexes          | 5 6 |  6.7
Stealth        | 6 5 |  6.6
Dodging        | |  2.6
Spellcasting   | |  2.0

Action                   |  1- 3 |  4- 6 || total
-------------------------+-------+-------++-------
Melee: Unarmed           |    67 |   128 ||   195
       Bite              |     3 |     4 ||     7
       Punch             |       |     1 ||     1
 Cast: Corona            |     5 |       ||     5
       Ensorcelled Hiber |    26 |    82 ||   108
       Confuse           |       |     6 ||     6
  Use: Scroll            |       |     4 ||     4
 Stab: Sleeping          |    21 |    42 ||    63
       Confused          |       |     5 ||     5
  Eat: Chunk             |     6 |    12 ||    18
Armor: Skin              |     3 |    15 ||    18
Dodge: Dodged            |    43 |   142 ||   185
